[ PARTIDA AOE2 · #494122655 ]
UnrankedTeutones vs Teutons
Equipo del jugador · VICT
Equipo rival · DERR
[ ANÁLISIS DE REPETICIÓN · EXTRAÍDO DE LA PARTIDA GRABADA ]
Feudal
8:26
Castillos
22:04
Imperial
—
| APM promedio | 39.5 |
| APM pico | 79 |
| eAPM promedio | 19.3 |
| Aldeanos / militares | 62 / 3 |
Foco
⚔️ 26.9% · 🌾 73.1%
Mangonel ×3
Feudal
10:16
Castillos
19:02
Imperial
—
| APM promedio | 32.5 |
| APM pico | 61 |
| eAPM promedio | 21.2 |
| Aldeanos / militares | 57 / 13 |
Foco
⚔️ 38.1% · 🌾 61.9%
Mangonel ×7 · Archer ×5 · Scorpion ×1
Mapa de la partida
Recursos iniciales + cada clic de construcción. Líneas = muros · curvas = relieve. ◆ oro · ⬟ piedra · ● bayas · ✦ reliquia · ◌ hueco del cierre
Tu base· ✓ Cerrada en 22:04 · 0t muro · 2 puerta(s)
Base de 酒精呆呆獸· ✓ Cerrada en 19:02 · 0t muro · 3 puerta(s)
Terreno inicial suavizado · ◌ = hueco del cierre detectado · pasá el cursor para detalles
Inputs por minuto
— TRUM - - 酒精呆呆獸
Build order — TRUM
124 acciones detectadas en el replay
| 0:01 | Crear | Villager (Male) |
| 0:01 | Crear | Villager (Male) |
| 0:02 | Construir | House |
| 0:03 | Construir | House |
| 0:16 | Crear | Villager (Male) |
| 0:16 | Crear | Villager (Male) |
| 1:25 | Crear | Villager (Male) |
| 1:26 | Crear | Villager (Male) |
| 1:57 | Crear | Villager (Male) |
| 1:57 | Crear | Villager (Male) |
| 2:13 | Construir | Lumber Camp |
| 2:19 | Crear | Villager (Male) |
| 2:50 | Crear | Villager (Male) |
| 2:50 | Crear | Villager (Male) |
| 2:50 | Crear | Villager (Male) |
| 3:28 | Crear | Villager (Male) |
| 3:28 | Crear | Villager (Male) |
| 3:29 | Crear | Villager (Male) |
| 3:29 | Crear | Villager (Male) |
| 3:50 | Construir | House |
| 4:07 | Crear | Villager (Male) |
| 4:08 | Crear | Villager (Male) |
| 4:25 | Crear | Villager (Male) |
| 4:45 | Construir | Mill |
| 4:54 | Crear | Villager (Male) |
| 4:54 | Crear | Villager (Male) |
| 4:54 | Crear | Villager (Male) |
| 4:55 | Crear | Villager (Male) |
| 5:30 | Investigar | Loom |
| 5:30 | Investigar | Loom |
| 6:16 | Investigar | Feudal Age |
| 6:16 | Investigar | Feudal Age |
| 6:49 | Construir | House |
| 7:55 | Construir | Mining Camp |
| 8:26 | Edad | Edad Feudal |
| 8:29 | Investigar | Town Watch |
| 8:29 | Investigar | Town Watch |
| 8:35 | Construir | Blacksmith |
| 8:55 | Crear | Villager (Male) |
| 9:08 | Construir | Watch Tower |
| 9:15 | Crear | Villager (Male) |
| 9:16 | Crear | Villager (Male) |
| 9:16 | Crear | Villager (Male) |
| 9:22 | Investigar | Fletching |
| 9:22 | Investigar | Fletching |
| 9:53 | Crear | Villager (Male) |
| 9:53 | Crear | Villager (Male) |
| 9:53 | Crear | Villager (Male) |
| 10:15 | Crear | Villager (Male) |
| 10:15 | Crear | Villager (Male) |
| 10:31 | Construir | House |
| 10:45 | Construir | House |
| 10:50 | Crear | Villager (Male) |
| 10:50 | Crear | Villager (Male) |
| 11:52 | Construir | Watch Tower |
| 11:53 | Crear | Villager (Male) |
| 11:56 | Construir | Mill |
| 12:01 | Crear | Villager (Male) |
| 12:16 | Crear | Villager (Male) |
| 12:38 | Crear | Villager (Male) |
| 12:38 | Crear | Villager (Male) |
| 12:38 | Crear | Villager (Male) |
| 12:38 | Crear | Villager (Male) |
| 13:00 | Crear | Villager (Male) |
| 13:00 | Crear | Villager (Male) |
| 13:00 | Crear | Villager (Male) |
| 13:11 | Construir | Watch Tower |
| 14:01 | Crear | Villager (Male) |
| 14:01 | Crear | Villager (Male) |
| 14:01 | Crear | Villager (Male) |
| 14:01 | Crear | Villager (Male) |
| 14:04 | Construir | Farm |
| 14:10 | Investigar | Double-Bit Axe |
| 14:10 | Investigar | Double-Bit Axe |
| 14:39 | Crear | Villager (Male) |
| 14:39 | Crear | Villager (Male) |
| 14:39 | Crear | Villager (Male) |
| 15:06 | Crear | Villager (Male) |
| 15:09 | Construir | Farm |
| 15:10 | Construir | Farm |
| 15:15 | Construir | House |
| 15:30 | Construir | Farm |
| 15:41 | Crear | Villager (Male) |
| 15:51 | Construir | Outpost |
| 15:53 | Crear | Villager (Male) |
| 15:55 | Construir | Mining Camp |
| 16:19 | Construir | Farm |
| 16:22 | Construir | Farm |
| 16:31 | Crear | Villager (Male) |
| 16:39 | Investigar | Wheelbarrow |
| 16:48 | Construir | Mill |
| 16:57 | Crear | Villager (Male) |
| 17:07 | Construir | House |
| 17:15 | Construir | Farm |
| 17:17 | Construir | Farm |
| 18:12 | Construir | Market |
| 18:57 | Construir | House |
| 19:24 | Investigar | Castle Age |
| 19:24 | Investigar | Castle Age |
| 19:31 | Construir | Outpost |
| 19:45 | Construir | Watch Tower |
| 20:04 | Investigar | Stone Mining |
| 20:05 | Investigar | Stone Mining |
| 20:11 | Investigar | Gold Mining |
| 20:11 | Investigar | Gold Mining |
| 22:04 | Edad | Edad de los Castillos |
| 22:05 | Investigar | Bodkin Arrow |
| 22:05 | Investigar | Bodkin Arrow |
| 22:13 | Construir | Siege Workshop |
| 22:38 | Crear | Villager (Male) |
| 22:51 | Crear | Mangonel |
| 24:09 | Crear | Mangonel |
| 24:25 | Crear | Villager (Male) |
| 24:26 | Construir | Farm |
| 24:28 | Crear | Villager (Male) |
| 24:28 | Crear | Villager (Male) |
| 24:45 | Crear | Mangonel |
| 24:46 | Crear | Villager (Male) |
| 25:29 | Crear | Villager (Male) |
| 25:40 | Construir | Castle |
| 26:26 | Construir | House |
| 26:28 | Construir | House |
| 27:03 | Construir | Palisade Wall |
| 27:11 | Construir | Gate |
Build order — 酒精呆呆獸
117 acciones detectadas en el replay
| 0:01 | Crear | Villager (Male) |
| 0:01 | Crear | Villager (Male) |
| 0:01 | Crear | Villager (Male) |
| 0:02 | Crear | Villager (Male) |
| 0:02 | Crear | Villager (Male) |
| 0:03 | Construir | House |
| 0:05 | Construir | House |
| 1:31 | Crear | Villager (Male) |
| 1:43 | Crear | Villager (Male) |
| 1:48 | Construir | Lumber Camp |
| 2:23 | Crear | Villager (Male) |
| 2:56 | Crear | Villager (Male) |
| 3:18 | Crear | Villager (Male) |
| 3:40 | Construir | House |
| 3:42 | Construir | House |
| 3:48 | Construir | House |
| 3:49 | Construir | House |
| 3:53 | Crear | Villager (Male) |
| 3:55 | Crear | Villager (Male) |
| 4:03 | Crear | Villager (Male) |
| 4:34 | Crear | Villager (Male) |
| 4:55 | Construir | Mill |
| 4:59 | Crear | Villager (Male) |
| 5:18 | Crear | Villager (Male) |
| 5:35 | Crear | Villager (Male) |
| 6:00 | Crear | Villager (Male) |
| 6:11 | Construir | Farm |
| 6:13 | Construir | Farm |
| 6:15 | Crear | Villager (Male) |
| 6:18 | Crear | Villager (Male) |
| 6:24 | Crear | Villager (Male) |
| 6:55 | Construir | Mining Camp |
| 7:02 | Investigar | Loom |
| 8:06 | Investigar | Feudal Age |
| 9:34 | Construir | Barracks |
| 9:47 | Crear | Villager (Male) |
| 10:16 | Edad | Edad Feudal |
| 10:20 | Construir | Archery Range |
| 10:26 | Crear | Villager (Male) |
| 10:43 | Crear | Villager (Male) |
| 10:48 | Crear | Archer |
| 10:55 | Crear | Villager (Male) |
| 10:57 | Crear | Archer |
| 11:00 | Crear | Villager (Male) |
| 11:05 | Construir | House |
| 11:13 | Crear | Villager (Male) |
| 11:15 | Crear | Archer |
| 11:33 | Construir | Palisade Gate |
| 11:48 | Crear | Archer |
| 11:57 | Construir | Blacksmith |
| 12:11 | Crear | Villager (Male) |
| 12:29 | Crear | Archer |
| 12:58 | Construir | Watch Tower |
| 13:07 | Construir | House |
| 13:20 | Investigar | Town Watch |
| 13:25 | Investigar | Fletching |
| 13:37 | Construir | Lumber Camp |
| 14:10 | Crear | Villager (Male) |
| 14:27 | Construir | Market |
| 14:46 | Crear | Villager (Male) |
| 15:15 | Crear | Villager (Male) |
| 15:17 | Crear | Villager (Male) |
| 16:11 | Construir | Farm |
| 16:22 | Investigar | Castle Age |
| 16:29 | Construir | Farm |
| 17:00 | Investigar | Double-Bit Axe |
| 17:39 | Construir | House |
| 17:40 | Construir | House |
| 17:43 | Construir | House |
| 17:57 | Investigar | Gold Mining |
| 18:02 | Construir | Farm |
| 18:05 | Construir | Farm |
| 19:02 | Edad | Edad de los Castillos |
| 19:13 | Construir | Siege Workshop |
| 19:15 | Crear | Villager (Male) |
| 19:16 | Crear | Villager (Male) |
| 19:26 | Construir | Town Center |
| 19:32 | Crear | Villager (Male) |
| 19:57 | Crear | Mangonel |
| 19:58 | Crear | Villager (Male) |
| 20:10 | Crear | Mangonel |
| 20:31 | Construir | House |
| 20:35 | Crear | Villager (Male) |
| 20:59 | Crear | Villager (Male) |
| 21:00 | Crear | Villager (Male) |
| 21:06 | Construir | Farm |
| 21:06 | Construir | Farm |
| 21:06 | Construir | Farm |
| 21:13 | Construir | Mill |
| 21:14 | Construir | Farm |
| 21:31 | Crear | Mangonel |
| 21:39 | Crear | Villager (Male) |
| 21:39 | Crear | Villager (Male) |
| 21:55 | Crear | Mangonel |
| 22:00 | Construir | Farm |
| 22:42 | Crear | Villager (Male) |
| 22:42 | Crear | Villager (Male) |
| 22:45 | Construir | House |
| 23:11 | Crear | Villager (Male) |
| 23:11 | Crear | Villager (Male) |
| 23:12 | Crear | Villager (Male) |
| 24:04 | Crear | Scorpion |
| 24:21 | Crear | Villager (Male) |
| 24:22 | Crear | Villager (Male) |
| 24:22 | Crear | Villager (Male) |
| 24:22 | Crear | Villager (Male) |
| 24:31 | Construir | Stone Wall |
| 24:50 | Crear | Mangonel |
| 24:50 | Crear | Villager (Male) |
| 24:51 | Crear | Villager (Male) |
| 25:15 | Crear | Villager (Male) |
| 26:13 | Crear | Mangonel |
| 26:34 | Crear | Mangonel |
| 26:35 | Crear | Villager (Male) |
| 26:36 | Crear | Villager (Male) |
| 26:36 | Crear | Villager (Male) |
| 26:36 | Crear | Villager (Male) |
Cronología de la partida
| 8:26 | TRUM · age_up feudal |
| 9:34 | 酒精呆呆獸 · first_building Barracks |
| 10:16 | 酒精呆呆獸 · age_up feudal |
| 10:20 | 酒精呆呆獸 · first_building Archery Range |
| 15:43 | 酒精呆呆獸 · first_market_sell 500 wood |
| 15:45 | 酒精呆呆獸 · first_market_buy 100 food |
| 19:00 | TRUM · first_market_buy 100 food |
| 19:01 | TRUM · first_market_sell 100 wood |
| 19:02 | 酒精呆呆獸 · age_up castle |
| 19:13 | 酒精呆呆獸 · first_building Siege Workshop |
| 22:04 | TRUM · age_up castle |
| 22:13 | TRUM · first_building Siege Workshop |
| 24:31 | 酒精呆呆獸 · wall_segment Stone Wall x1 |
| 25:40 | TRUM · first_building Castle |
| 27:03 | TRUM · wall_segment Palisade Wall x1 |
| 27:14 | 酒精呆呆獸 · resign |
[ ANÁLISIS IA · 1 CRÉDITO ]
¿Qué pasó realmente en esta partida?
Wolo.gg analiza cada decisión: build order, eco, micro, errores típicos por bracket. Análisis personalizado por WhatsApp o Discord en 30 segundos.
Guía civ
Teutones
Perfil
JAZ